 Seeded DCSS version 0.30-a0-1066-g63dfefce0d (webtiles) character file.

Game seed: 3197891053798171883 (custom seed)

511 Twinkles the Stinger (level 7, -1/46 HPs)
             Began as an Octopode Wanderer on Apr 12, 2023.
             Was an Initiate of Ru.
             Slain by a phantom (6 damage)
             ... on level 5 of the Dungeon.
             The game lasted 00:11:47 (3063 turns).

Twinkles the Stinger (Octopode Wanderer)            Turns: 3063, Time: 00:11:48

Health: -1/46      AC:  1    Str: 16    XL:     7   Next: 19%
Magic:  8/8        EV: 12    Int: 12    God:    Ru [......]
Gold:   186        SH:  0    Dex: 11    Spells: 4/8 levels left

rFire   . . .      SeeInvis .    d - +2 dagger (drain)
rCold   . . .      Faith    .    (no shield)
rNeg    . . .      Spirit   .    (helmet restricted)
rPois   +          Reflect  .    (no amulet)
rElec   .          Rampage  .    l - ring of wizardry
rCorr   .                        n - ring of poison resistance
Will    .....                    (no ring)
Stlth   +++                      (no ring)
HPRegen 0.27/turn                (no ring)
MPRegen 0.11/turn                (no ring)
                                 (no ring)
                                 (no ring)

@: no status effects
A: almost no armour, amphibious, 8 rings, camouflage 1, gelatinous body 1,
(nimble swimmer 1), tentacles
a: Renounce Religion


You were on level 5 of the Dungeon.
You worshipped Ru.
Ru was noncommittal.
You visited 1 branch of the dungeon, and saw 5 of its levels.

You collected 186 gold pieces.

Inventory:

Hand Weapons
 d - a +2 dagger of draining (weapon)
Missiles
 b - 23 poisoned darts (quivered)
Jewellery
 l - a ring of wizardry (left tentacle)
 n - a ring of poison resistance (right tentacle)
Scrolls
 a - a scroll of fear {unknown}
 e - a scroll of amnesia {unknown}
 f - a scroll of vulnerability {unknown}
 h - a scroll of enchant armour {unknown}
 j - 4 scrolls of poison {unknown}
 k - 5 scrolls of identify {unknown}
 m - a scroll of enchant weapon {unknown}
Potions
 c - 2 potions of mutation {unknown}
 g - 2 potions of heal wounds {unknown}
 i - a potion of curing {unknown}
 o - 2 potions of brilliance {unknown}
 T - a potion of berserk rage


   Skills:
 + Level 3.4 Fighting
 - Level 4.1 Polearms
 - Level 1.0 Throwing
 + Level 3.8 Stealth
 + Level 0.0 Unarmed Combat
 - Level 1.0 Spellcasting
 - Level 2.8 Conjurations
 + Level 0.0 Transmutations
 - Level 2.7 Air Magic
 + Level 5.1 Poison Magic


You had 4 spell levels left.
You knew the following spells:

 Your Spells              Type           Power      Damage    Failure   Level
a - Sting                 Tmut/Pois      24%        1d4       4%          1
b - Mephitic Cloud        Conj/Pois/Air  9%         N/A       9%          3

Your spell library contained the following spells:

 Spells                   Type           Power      Damage    Failure   Level
 Freeze                   Ice            0%         1d3       12%         1
 Slow                     Hex            0%         N/A       12%         1
 Hailstorm                Conj/Ice       4%         3d4       21%         3
 Vhi's Electric Charge    Tloc/Air       6%         N/A       21%         3
 Confusing Touch          Hex            0%         N/A       32%         3
 Frozen Ramparts          Ice            0%         1d1       32%         3
 Inner Flame              Hex/Fire       0%         N/A       32%         3
 Vampiric Draining        Necr           0%         2d6       32%         3
 Flame Wave               Conj/Fire      4%         2d5       52%         4
 Sticky Flame             Conj/Fire      4%         2d3       52%         4
 Arcjolt                  Conj/Air       3%         1d13      69%         5
 Alistair's Intoxication  Tmut/Pois      4%         N/A       71%         5
 Borgnjor's Vile Clutch   Necr/Erth      0%         N/A       96%         5
 Eringya's Noxious Bog    Tmut/Pois      3%         N/A       99%         6
 Plasma Beam              Fire/Air       1%         2x1d12    100%        6


Dungeon Overview and Level Annotations

Branches:
Dungeon (5/15) Zot: 26842
 Temple: D:4-7

Altars:
Ru
Zin
The Shining One

Shops:
D:4 =


Innate Abilities, Weirdness & Mutations

You cannot wear most types of armour.
You are amphibious.
You can wear up to eight rings at the same time.
Your skin changes colour to match your surroundings (Stealth+).
Your rubbery body absorbs attacks. (AC +1, EV +1)
((You are camouflaged when in or above water. (Stealth+)))
You have tentacles for arms and can constrict up to eight enemies at once.


Message History

The phantom hits you.
You hit the phantom. Your squeeze misses the phantom.
The phantom is heavily damaged.
The phantom hits you.
The phantom blinks!
You blink.
You hit the phantom. You squeeze the phantom.
The phantom is severely damaged.
The phantom closely misses you.
You hit the phantom.
The phantom is severely damaged.
The phantom hits you.
The phantom blinks!
You blink.
You barely miss the phantom.
The phantom is severely damaged.
The phantom hits you.
* * * LOW HITPOINT WARNING * * *
You hit the phantom but do no damage.
The phantom is severely damaged.
The phantom hits you.
* * * LOW HITPOINT WARNING * * *
The phantom blinks!
You blink.
You barely miss the phantom.
Your tentacle-slap misses the phantom.
You squeeze the phantom.
The phantom is almost destroyed.
The phantom hits you.
* * * LOW HITPOINT WARNING * * *
You barely miss the phantom. Your squeeze misses the phantom.
The phantom is almost destroyed.
The quokka barely misses you. The phantom misses you.
The quokka barely misses you.
The quokka bites you but does no damage.
The phantom misses you.
You hit the quokka. You drain the quokka. Your grab misses the quokka.
Your squeeze misses the quokka.
The quokka is almost dead.
The quokka barely misses you. The phantom hits you.
* * * LOW HITPOINT WARNING * * *
You miss the quokka. Your grab misses the quokka.
The quokka is almost dead.
The quokka bites you but does no damage.
The phantom hits you.
You die...

......#.......#....#
......#.......#....#
......#.......#....#
......#.......'....#
......#.......#...)#
....###.......#....#
....#......####....#
....#......#.......#
......#....@..# ....
#....rW.# ...
#...?...# #.......#
#########


You could see a phantom and a quokka (very drained).

Vanquished Creatures
  Sigmund (D:2)
  An ogre (D:4)
  4 hounds
  Jessica (D:2)
  An orc wizard (D:3)
  3 adders
  An ufetubus (D:3)
  2 worms
  4 dart slugs
  3 orcs
  4 ball pythons
  4 bats
  4 endoplasms
  3 giant cockroaches
  4 goblins
  3 hobgoblins
  5 jackals
  2 frilled lizards
  5 kobolds
  A rat (D:3)
56 creatures vanquished.

Notes
Turn   | Place    | Note
-------+----------+-------------------------------------------
     0 | D:1      | Twinkles the Octopode Wanderer began the quest for the Orb.
     0 | D:1      | Twinkles set off with the following items: a +0 trident, 14
                  | poisoned darts, a +0 dagger, a potion of berserk rage; and
                  | the following spell memorised: Sting; and the following
                  | spells available to memorise: Mephitic Cloud.
     0 | D:1      | Reached XP level 1. HP: 14/14 MP: 2/2
   162 | D:1      | Reached XP level 2. HP: 19/19 MP: 3/3
   220 | D:1      | Reached skill level 1 in Stealth
   978 | D:2      | Noticed Jessica
   983 | D:2      | Killed Jessica
   984 | D:2      | Reached skill level 1 in Conjurations
   984 | D:2      | Reached skill level 1 in Air Magic
   984 | D:2      | Reached skill level 4 in Poison Magic
   984 | D:2      | Reached XP level 3. HP: 22/25 MP: 4/4
  1035 | D:2      | Reached XP level 4. HP: 30/30 MP: 5/5
  1113 | D:2      | Noticed Sigmund
  1121 | D:2      | Killed Sigmund
  1122 | D:2      | Reached XP level 5. HP: 32/36 MP: 6/6
  1398 | D:2      | Reached XP level 6. HP: 37/41 MP: 7/7
  1608 | D:2      | Learned a level 3 spell: Mephitic Cloud
  1885 | D:3      | Found a faded altar of an unknown god.
  2012 | D:3      | Found a glowing golden altar of the Shining One.
  2497 | D:4      | Found Ziol's One-of-a-Kind Rings.
  2649 | D:4      | Reached skill level 5 in Poison Magic
  2681 | D:4      | Reached XP level 7. HP: 42/46 MP: 8/8
  2745 | D:4      | Found a glowing silver altar of Zin.
  2745 | D:4      | Found a sacrificial altar of Ru.
  2760 | D:4      | Became a worshipper of Ru the Awakened
  2906 | D:5      | Entered Level 5 of the Dungeon
  3056 | D:5      | HP: 13/46 [phantom (5)]
  3059 | D:5      | HP: 5/46 [phantom (3)]
  3063 | D:5      | Slain by a phantom

Illustrated notes

Levels and vault maps discovered:
D:1:      mrwooster_arrival_statue_3, layout_basic
D:2:      layout_loops_corners, uniq_sigmund, uniq_jessica
D:3:      layout_loops_ring, old_standard_altar, basic_ecumenical_altar
D:4:      layout_basic, chequers_temple_overflow_statue_of_worship,
          nicolae_shop_unique_rings
D:5:      layout_gridville

Skill      XL: |  1  2  3  4  5  6 |
---------------+-------------------+-----
Stealth        | 1 2 3 |  3.8
Conjurations   | 1 2 |  2.8
Air Magic      | 1 2 |  2.7
Poison Magic   | 4 5 |  5.1
Fighting       | 3 |  3.4
Polearms       | 4 |  4.1
Throwing       | |  1.0
Spellcasting   | |  1.0

Action                     |  1- 3 |  4- 6 |  7- 9 || total
---------------------------+-------+-------+-------++-------
  Melee: Dagger            |    36 |    62 |    25 ||   123
         Constrict         |    10 |    15 |     3 ||    28
         Tentacles         |     4 |    16 |     7 ||    27
         Trident           |     1 |       |       ||     1
         Punch             |       |     1 |       ||     1
   Cast: Mephitic Cloud    |       |     1 |     1 ||     2
   Stab: Sleeping          |     5 |    10 |     2 ||    17
         Confused          |       |     2 |       ||     2
 Armour: Skin              |     3 |     6 |     3 ||    12
  Dodge: Dodged            |    26 |    30 |    11 ||    67

Table legend: (Time is in decaauts)
 A = Elapsed time spent in this place.
 B = Non-inter-level travel time spent in this place.
 C = Inter-level travel time spent in this place.
 D = Time resting spent in this place.
 E = Time spent auto-exploring this place.
 F = Levels seen in this place.
 G = Mean time per level.
                   A        B        C        D        E       F      G
               +--------+--------+--------+--------+--------+-----+--------+
         Total |   3061 |   2923 |    138 |     47 |   2426 |   5 |  612.2 |
       Dungeon |   3061 |   2923 |    138 |     47 |   2426 |   5 |  612.2 |
               +--------+--------+--------+--------+--------+-----+--------+

Top non-repeatable levels by time:
     D:2: 909 daAuts
     D:1: 876 daAuts
     D:3: 663 daAuts
     D:4: 455 daAuts
     D:5: 156 daAuts
